Map: Incorporeal LE

Players

Serral - Winner!

  • Race: Zerg Zerg
  • Spawn Location: 5:00

Classic

  • Race: Protoss Protoss
  • Spawn Location: 11:00

Event: Esports World Cup 2025

VOD

Have the link to the VOD?

Description

Time

  • Played on: July 25, 2025, 11:39 a.m.
  • Length: 13:45

All games in this series

Show
View Real Time Build Order
Export as new Build Order

Serral Zerg - Winner!

Build Orders: Hatch First, Lurkers, Roach Hydra 

Get SALT Encoding   

  12  0:00  Drone  
  13  0:08  Drone  
  14  0:14  Drone, Extractor  
  15  0:21  Overlord  
  15  0:41  Drone  
  16  0:45  Hatchery  
  16  0:49  Drone  
  16  0:52  Drone  
  16  0:55  Drone  
  18  1:06  Extractor  
  18  1:10  Spawning Pool  
  16  1:15  Drone  
  16  1:17  Drone  
  18  1:26  Drone  
  19  1:37  Drone  
  20  1:47  Drone  
  21  1:57  Queen x2  
  21  1:58  Zergling x2  
  21  1:59  Overlord  
  26  2:09  Zergling x2  
  26  2:10  Drone  
  26  2:13  Metabolic Boost  
  28  2:18  Drone  
  28  2:21  Drone  
  30  2:33  Queen  
  30  2:35  Drone  
  33  2:45  Hatchery  
  33  2:46  Overlord  
  33  2:48  Drone  
  33  2:50  Drone  
  34  2:52  Drone  
  34  2:57  Overlord  
  35  3:03  Drone  
  36  3:06  Zergling x2  
  36  3:08  Drone x3  
  36  3:10  Drone  
  36  3:11  Drone  
  42  3:13  Drone  
  42  3:17  Drone  
  42  3:18  Drone  
  45  3:22  Spore Crawler  
  45  3:25  Overlord  
  44  3:29  Queen  
  44  3:32  Zergling x2  
  47  3:38  Zergling x8  
  51  3:44  Zergling x2  
  51  3:46  Zergling x2  
  51  3:47  Zergling x4  
  55  3:51  Queen  
  55  3:53  Drone  
  58  3:57  Spore Crawler  
  58  3:59  Overlord  
  58  4:00  Drone  
  58  4:01  Drone  
  59  4:05  Drone  
  59  4:09  Drone  
  61  4:13  Drone x4  
  61  4:17  Roach Warren  
  64  4:20  Drone  
  64  4:21  Drone x2  
  64  4:24  Drone x2  
  68  4:31  Drone x3  
  69  4:41  Lair  
  69  4:42  Overlord  
  69  4:44  Extractor x2  
  67  4:48  Overlord  
  67  4:54  Overlord, Evolution Chamber  
  64  5:00  Drone x3  
  64  5:01  Drone x5  
  64  5:02  Drone  
  64  5:05  Drone  
  64  5:06  Queen  
  76  5:10  Roach  
  76  5:12  Roach  
  80  5:16  Overlord  
  80  5:18  Roach x2  
  80  5:19  Drone x3  
  80  5:21  Zerg Missile Weapons Level 1  
  86  5:28  Drone x2, Hatchery  
  85  5:32  Overlord  
  85  5:33  Extractor  
  85  5:34  Extractor  
  85  5:37  Drone x2  
  85  5:42  Overlord  
  87  5:43  Glial Reconstitution  
  87  5:48  Drone, Overseer  
  87  5:49  Drone x2  
  90  5:51  Roach x4  
  90  5:53  Overlord  
  98  5:59  Roach x2  
  102  6:05  Overlord  
  102  6:11  Zergling x2  
  102  6:12  Zergling x8  
  102  6:15  Zergling x2  
  102  6:16  Zergling x6  
  111  6:19  Roach x2  
  111  6:20  Roach  
  111  6:24  Overlord  
  117  6:26  Ravager x2  
  117  6:27  Overlord  
  117  6:28  Roach  
  121  6:34  Drone x2  
  121  6:36  Infestation Pit  
  121  6:37  Extractor  
  121  6:39  Drone x3  
  122  6:41  Drone x4  
  122  6:42  Drone  
  126  6:48  Overlord  
  126  6:51  Hydralisk Den  
  125  6:54  Overlord  
  125  6:56  Drone x2  
  126  7:02  Pneumatized Carapace  
  126  7:03  Drone x7  
  126  7:04  Drone  
  126  7:07  Drone  
  134  7:21  Zerg Missile Weapons Level 2  
  133  7:24  Drone x2  
  133  7:25  Hive  
  133  7:26  Drone x3  
  138  7:31  Overlord  
  138  7:33  Extractor  
  138  7:34  Extractor, Spore Crawler  
  138  7:36  Grooved Spines  
  133  7:38  Drone, Hydralisk x6  
  133  7:40  Lurker Den  
  133  7:43  Hydralisk x2  
  149  7:48  Overseer, Overlord x2  
  149  7:49  Overlord  
  149  7:54  Drone x2  
  149  7:55  Drone x4  
  149  7:57  Hydralisk x2  
  162  7:58  Zergling x6  
  162  8:03  Overlord  
  162  8:07  Hydralisk x3, Hatchery  
  167  8:15  Zergling x10  
  172  8:22  Spine Crawler  
  172  8:24  Overseer  
  172  8:25  Overseer  
  172  8:26  Muscular Augments  
  171  8:30  Zergling x10  
  176  8:37  Hydralisk x3  
  176  8:38  Zergling x10, Overseer  
  187  8:43  Zergling x12  
  193  8:49  Seismic Spines  
  192  8:58  Hydralisk x2, Zergling x2  
  192  8:59  Zergling x4  
  192  9:18  Hydralisk x4  
  192  9:19  Zergling x2  
  192  9:21  Hydralisk x3, Zergling x2  
  170  9:25  Zergling x20  
  177  9:36  Lurker x7, Spire  
  177  9:37  Zergling x20  
  193  9:43  Drone  
  193  9:44  Drone x3, Extractor x2  
  193  9:45  Drone x2  
  197  9:46  Adrenal Glands, Adaptive Talons  
  197  9:55  Overseer x3  
  197  10:08  Hydralisk x2  
  186  10:21  Hydralisk x4  
  186  10:22  Zergling x8  
  186  10:23  Hatchery  
  186  10:25  Nydus Network  
  186  10:28  Zerg Melee Weapons Level 1  
  191  10:29  Zergling x18  
  194  10:41  Hydralisk x3  
  194  10:42  Zergling x18  
  195  10:48  Lurker x6  
  196  10:58  Hydralisk  
  196  10:59  Zergling x4  
  190  11:08  Hydralisk x3  
  190  11:09  Zergling x10  
  198  11:12  Unknown  
  198  11:16  Greater Spire  
  198  11:23  Nydus Canal  
  197  11:31  Extractor  
  197  11:32  Hydralisk x4  
  190  11:33  Zergling x8  
  190  11:34  Extractor  
  190  11:39  Hydralisk x2  
  183  11:40  Zergling x14  
  186  11:52  Overlord x2  
  186  11:53  Overlord  
  186  11:54  Overlord x5  
  175  11:55  Overlord  
  175  11:59  Corruptor x3, Viper  
  167  12:11  Corruptor x10  
  167  12:14  Lurker  
  167  12:15  Lurker  
  189  12:18  Drone x3  
  189  12:20  Drone x3  
  189  12:22  Nydus Canal  
  187  12:37  Lurker x5  
  187  12:44  Overseer x4  
  192  12:45  Hydralisk  
  192  12:46  Zergling x18  
  195  12:56  Nydus Canal  
  181  12:59  Zergling x30  
  181  13:04  Corruptor x2  
  199  13:15  Nydus Canal  
Show
View Real Time Build Order
Export as new Build Order

Classic Protoss 

Build Orders: 1 Gate Expand, Oracle Opening 

Get SALT Encoding   

  12  0:00  Probe  
  13  0:12  Probe  
  14  0:18  Pylon  
  14  0:24  Probe  
  15  0:34  Probe  
  15  0:38  Gateway  
  15  0:42  Probe  
  16  0:47  Assimilator  
  17  0:51  Probe  
  18  1:03  Probe  
  19  1:15  Probe  
  20  1:23  Nexus  
  20  1:35  Cybernetics Core  
  20  1:37  Probe  
  21  1:43  Assimilator  
  21  1:50  Probe  
  22  2:02  Probe  
  23  2:15  Pylon  
  23  2:20  Warp Gate  
  23  2:25  Adept  
  23  2:30  Probe  
  23  2:32  Probe  
  23  2:33  Stargate  
  27  2:38  Probe  
  27  2:40  Probe  
  29  2:47  Probe  
  29  2:50  Probe  
  30  2:54  Twilight Council, Adept  
  33  2:59  Probe  
  33  3:02  Probe  
  35  3:07  Oracle  
  35  3:12  Probe  
  36  3:14  Probe  
  36  3:16  Pylon  
  40  3:24  Probe  
  40  3:26  Probe  
  42  3:30  Gateway  
  42  3:36  Probe  
  42  3:38  Probe  
  44  3:41  Gateway  
  44  3:48  Probe  
  45  3:50  Probe  
  46  3:57  Nexus  
  46  4:00  Pylon  
  46  4:02  Probe  
  47  4:03  Probe  
  47  4:07  Assimilator  
  48  4:10  Assimilator  
  48  4:13  Stalker  
  50  4:17  Pylon  
  50  4:18  Probe  
  50  4:19  Probe  
  52  4:24  Blink  
  52  4:27  Oracle  
  52  4:30  Probe  
  52  4:31  Pylon, Probe  
  57  4:34  Pylon  
  57  4:35  Pylon  
  55  4:38  Stalker x2  
  59  4:52  Nexus  
  59  4:54  Pylon  
  59  5:03  Nexus  
  59  5:04  Probe x2  
  61  5:13  Templar Archives  
  61  5:16  Probe x2  
  61  5:20  Stalker x2  
  61  5:21  Stalker  
  69  5:24  Probe x2  
  71  5:30  Shield Battery  
  71  5:31  Psionic Storm  
  71  5:32  Probe x2  
  71  5:42  Probe x2  
  75  5:51  High Templar  
  75  5:54  Gateway, Probe x2  
  79  6:02  Gateway, High Templar  
  79  6:03  Gateway  
  81  6:06  Probe  
  81  6:07  Probe  
  81  6:11  Gateway  
  83  6:14  Gateway  
  83  6:17  Pylon  
  83  6:18  Stalker  
  83  6:23  Stalker  
  87  6:26  Probe x2  
  87  6:27  Probe  
  90  6:35  Assimilator  
  90  6:36  Assimilator  
  90  6:38  Probe, Robotics Facility  
  90  6:39  Pylon  
  91  6:43  High Templar  
  93  6:49  Probe x2  
  93  6:50  Forge, Probe  
  93  6:51  Pylon  
  93  6:52  High Templar  
  98  7:02  Stalker x3  
  98  7:07  Pylon  
  104  7:10  Charge  
  104  7:19  Probe x3  
  107  7:26  Pylon  
  107  7:31  Probe x2, Stalker x4  
  107  7:32  Probe  
  107  7:33  Nexus  
  107  7:36  Observer  
  118  7:41  Photon Cannon  
  119  7:45  Photon Cannon  
  119  7:48  Shield Battery  
  119  7:49  Photon Cannon  
  119  7:51  Protoss Ground Weapons Level 1  
  119  7:54  High Templar x2  
  119  7:56  Photon Cannon  
  119  7:58  Pylon  
  123  8:00  Probe x2  
  123  8:01  Probe  
  123  8:04  Pylon  
  127  8:12  Probe  
  127  8:13  Probe x2  
  127  8:14  Stargate  
  127  8:19  Fleet Beacon  
  129  8:20  Pylon  
  129  8:23  Assimilator  
  129  8:27  Assimilator, Photon Cannon  
  129  8:28  Photon Cannon, Warp Prism  
  129  8:34  Photon Cannon  
  129  8:36  Photon Cannon  
  131  8:43  Probe x3  
  131  8:45  Probe  
  135  8:51  Tempest x2  
  135  9:02  Mothership  
  149  9:10  Zealot x3  
  153  9:22  Stalker x5  
  139  9:30  Tempest x2  
  139  9:31  Stalker x2, High Templar  
  149  9:46  Zealot x4  
  149  9:47  Immortal, High Templar  
  158  9:53  Protoss Ground Weapons Level 2  
  162  10:02  Tempest  
  162  10:03  Tempest  
  162  10:14  Pylon  
  170  10:16  Zealot  
  170  10:17  Zealot x6  
  178  10:24  Zealot  
  164  10:29  Observer  
  164  10:30  Protoss Air Weapons Level 1  
  156  10:47  Zealot x8  
  156  10:49  Tempest x2  
  179  10:59  Photon Cannon  
  161  11:06  Pylon  
  159  11:13  High Templar x2, Zealot x6  
  159  11:17  Archon  
  175  11:19  Immortal  
  179  11:32  Tempest  
  176  11:38  Zealot x6  
  163  11:52  Observer  
  140  11:54  Zealot x2  
  129  12:06  High Templar x3  
  134  12:23  Probe x3  
  134  12:27  High Templar x4  
  145  12:32  Pylon  
  145  12:33  Pylon  
  145  12:35  Pylon  
  145  12:36  Archon  
  139  12:37  Archon  
  139  12:40  Zealot x3  
  139  12:42  Immortal  
  125  13:15  High Templar x2  
  125  13:19  Observer  
  128  13:21  Archon  
  128  13:24  Zealot x3  
  128  13:25  Zealot x2  
Tags
 
Add a new tag
Caveats
  • Supply blocks, unpowered buildings, or Contaminate may cause inaccurate times.
  • Supply counts are checked every 10 seconds.